 Dungeon Crawl Stone Soup version 0.17.1-3-g152610e (webtiles) character file.

262 GFox the Covered (level 6, -2/53 HPs)
             Began as a Hill Orc Fighter on Mar 29, 2016.
             Killed from afar by Edmund (9 damage)
             ... with a wand of magic darts
             ... on level 4 of the Dungeon.
             The game lasted 00:29:29 (3000 turns).

GFox the Covered (Hill Orc Fighter)                 Turns: 3000, Time: 00:29:29

Health: -2/53      AC:  8    Str: 21    XL:     6   Next: 18%
Magic:  6/6        EV:  8    Int:  8    God:
Gold:   194        SH:  9    Dex: 10    Spells: 0 memorised, 5 levels left

rFire  . . .     SeeInvis .     a - +0 war axe
rCold  . . .     Clarity  .     b - +0 scale mail
rNeg   . . .     SustAt   .     c - +0 shield
rPois  .         Gourm    .     (no helmet)
rElec  .         Spirit   .     (no cloak)
rCorr  +         Warding  .     (no gloves)
rMut   .         Stasis   .     n - +0 pair of boots
MR     .....                    g - amulet of resist corrosion
Stlth  ..........               (no ring)
                                (no ring)

@: flying, not resistant to hostile enchantments, extremely unstealthy
A: no striking features
a: no special abilities


You were on level 4 of the Dungeon.
You were not hungry.

You visited 1 branch of the dungeon, and saw 4 of its levels.

You collected 194 gold pieces.

Inventory:

Hand Weapons
 a - a +0 war axe (weapon)
Armour
 b - a +0 scale mail (worn)
 c - a +0 shield (worn)
 n - a +0 pair of boots (worn)
Jewellery
 g - an amulet of resist corrosion (around neck)
Scrolls
 f - 2 scrolls of remove curse
 i - 2 scrolls of identify
 m - a scroll of blinking {unknown}
 p - 2 scrolls of teleportation {unknown}
Potions
 d - 3 potions of might
 q - a potion of lignification {unknown}
Comestibles
 e - 6 bread rations
 h - a beef jerky
 j - 3 fruits
 k - 4 chunks of flesh


   Skills:
 + Level 4.6 Fighting
 + Level 4.1 Axes
 + Level 4.9 Armour
 + Level 1.5 Dodging
 + Level 0.3 Stealth
 + Level 4.4 Shields


You had 5 spell levels left.
You didn't know any spells.

Dungeon Overview and Level Annotations

Branches:
Dungeon (4/15)
 Temple: D:4-7

Altars:

Annotations:
D:4 Edmund


Message History

Edmund is almost dead.
Edmund zaps a wand.
The magic dart hits you!
* * * LOW HITPOINT WARNING * * *
You closely miss Edmund.
Edmund is almost dead.
Edmund hits you with a flail of holy wrath.
* * * LOW HITPOINT WARNING * * *
Edmund zaps a wand.
The magic dart hits you!
You hit Edmund but do no damage.
Edmund is almost dead.
You block Edmund's attack.
You hit Edmund.
Edmund is almost dead.
Edmund zaps a wand.
The magic dart hits you!
* * * LOW HITPOINT WARNING * * *
Drink which item? (? for menu, Esc to quit)
It was a potion of flight.
You feel very buoyant.
You fly up into the air.
Edmund zaps a wand.
The magic dart hits you!
You die...

............# ............#
### #....######## ##..
#....## ...######.%
......#............#
......#............#
......#....#.......#####+###
......#....#...........)....
......#....#...@@...........
#....##....########.........
#....##....##.....'.....[...
...(.#......'.....#....(....
.....'......#.....#.........
.....#.....##+#####.........
#....#.....##.....#.........
#....#............#.........
#....#............+.........


You could see Edmund.

Vanquished Creatures
  A phantom (D:4)
  A hound (D:4)
  2 worker ants (D:4)
  A hound skeleton (D:4)
  4 adders
  3 worms
  2 giant geckos
  6 bats
  3 goblins
  6 hobgoblins
  2 jackals (D:1)
  A ball python (D:4)
  5 giant cockroaches
  2 giant newts
  7 kobolds
  6 rats
52 creatures vanquished.

Notes
Turn   | Place    | Note
--------------------------------------------------------------
     0 | D:1      | GFox the Hill Orc Fighter began the quest for the Orb.
     0 | D:1      | Reached XP level 1. HP: 19/19 MP: 1/1
   223 | D:1      | Reached XP level 2. HP: 27/27 MP: 2/2
  1099 | D:2      | Reached skill level 4 in Fighting
  1099 | D:2      | Reached XP level 3. HP: 20/33 MP: 3/3
  1834 | D:3      | Reached XP level 4. HP: 40/40 MP: 4/4
  2522 | D:4      | Noticed a phantom
  2522 | D:4      | Reached XP level 5. HP: 34/47 MP: 5/5
  2651 | D:4      | Killed a phantom
  2651 | D:4      | Reached skill level 1 in Dodging
  2710 | D:4      | Reached XP level 6. HP: 40/53 MP: 6/6
  2976 | D:4      | Noticed Edmund
  3000 | D:4      | Killed from afar by Edmund

Action                   |  1- 3 |  4- 6 || total
-------------------------+-------+-------++-------
Melee: War axe           |   114 |   118 ||   232
  Use: Scroll            |     5 |     1 ||     6
       Potion            |       |     4 ||     4
  Eat: Chunk             |     3 |     4 ||     7
